 Dungeon Crawl Stone Soup version 0.22-a0-447-gee5f723 (webtiles) character file.

15803 iamserjio the Cleaver (level 12, -2/130 HPs)
             Began as an Ogre Fighter on June 3, 2018.
             Was a High Priest of Uskayaw.
             Slain by a lich (6 damage)
             ... on level 1 of the Abyss.
             The game lasted 00:44:36 (22200 turns).

iamserjio the Cleaver (Ogre Fighter)               Turns: 22200, Time: 00:44:37

Health: -2/130     AC:  5    Str: 19    XL:     12   Next: 30%
Magic:  13/13      EV: 18    Int:  9    God:    Uskayaw [*****.]
Gold:   518        SH: 10    Dex:  8    Spells: 11/11 levels left

rFire    . . .     SeeInvis .   l - +3 broad axe
rCold    + + .     Gourm    .   c - +0 shield
rNeg     . . .     Faith    .   M - +2 robe {rC+}
rPois    .         Spirit   .   (helmet restricted)
rElec    .         Reflect  .   (no cloak)
rCorr    .         Harm     .   (gloves unavailable)
MR       +....                  (boots unavailable)
Stlth    +.........             F - amulet of magic regeneration
HPRegen  0.31/turn              I - +6 ring of evasion
MPRegen  0.38/turn              G - ring of wizardry

@: berserk cooldown, slowed, very slow
A: large, unfitting armour, [blurry vision 3], [clumsy 2], cold resistance 1,
[low mp 2], tough skin 1, [weak 2]
a: Stomp, Line Pass, Grand Finale, Renounce Religion


You were on level 1 of the Abyss.
You worshipped Uskayaw.
Uskayaw was noncommittal.
You were very hungry.

You visited 2 branches of the dungeon, and saw 12 of its levels.
You visited the Abyss 2 times.

You collected 518 gold pieces.

Inventory:

Hand Weapons
 a - the +7 dagger "Gudu" {chaos, Str+6, unknown}
   (You found it on level 1 of the Abyss)

   Each time it hits an enemy it has a different, random effect.
   It affects your strength (+6).
 b - a +0 flail
 h - a +2 morningstar of holy wrath
 l - a +3 broad axe (weapon)
Missiles
 d - 374 stones
 j - 4 exploding tomahawks
 u - 20 tomahawks (quivered)
 K - 2 throwing nets
Armour
 c - a +0 shield (worn)
 i - a +2 large shield
 M - a +2 robe of cold resistance (worn)
Jewellery
 w - an uncursed ring of flight
 F - an amulet of magic regeneration (around neck)
 G - a ring of wizardry (right hand)
 I - a +6 ring of evasion (left hand)
Wands
 o - a wand of iceblast (7)
 t - a wand of paralysis (4)
Scrolls
 k - 3 scrolls of magic mapping
 p - 6 scrolls of remove curse
 q - 4 scrolls of fog
 r - 2 scrolls of immolation
 x - a scroll of fear {unknown}
 y - 2 scrolls of random uselessness {unknown}
 D - a scroll of noise {unknown}
 E - a scroll of blinking {unknown}
Potions
 e - 2 potions of cancellation {unknown}
 g - 5 potions of brilliance
 m - 2 potions of magic {unknown}
 n - a potion of resistance {unknown}
 s - a potion of degeneration {unknown}
 z - 5 potions of flight
 A - a potion of lignification {unknown}
 B - a potion of curing
 C - 2 potions of mutation {unknown}
 J - 2 potions of ambrosia {unknown}
 L - a potion of berserk rage
Comestibles
 f - 20 rations


   Skills:
 + Level 11.3 Fighting
 * Level 11.7 Axes
 + Level 8.1 Dodging
 + Level 8.5 Shields
 + Level 7.1 Invocations


You had 11 spell levels left.
You didn't know any spells.
Your spell library contained the following spells:

 Spells                   Type           Power        Failure   Level  Hunger
 Apportation              Tloc           #.....       17%         1    ##.....
 Summon Small Mammal      Summ           #...         17%         1    ##.....
 Animate Skeleton         Necr           N/A          17%         1    ##.....
 Confusing Touch          Hex            #.....       17%         1    ##.....


Dungeon Overview and Level Annotations

Branches:
Dungeon (11/15)            Temple (0/1) D:6            Lair (0/6) D:11
    Orc (1/2) D:10

Altars:
Dithmenos
Elyvilon
Fedhas
Kikubaaqudgha
Nemelex Xobeh
Okawaru
Ru
Sif Muna
Uskayaw
Xom
Yredelemnul
Zin

Annotations:
D:1 exclusion: 2 doors
D:3 Gruesome's ghost, amateur OpMo
D:11 Erolcha; Urug


Innate Abilities, Weirdness & Mutations

You are too large for most types of armour.
You have tough skin. (AC +1)
Your flesh is cold resistant. (rC+)
[Scrolls take you much longer to read.]
[You are very clumsy. (Dex -4)]
[Your magical capacity is very low. (-20% MP)]
[You are very weak. (Str -4)]


Message History

The lich casts a spell.
The lich flickers and vanishes!
Deactivating autopickup; reactivate with Ctrl-A.
You can now merge with and destroy a victim.
You are no longer berserk.
You are exhausted.
You feel yourself slow down.
The large abomination is no longer sharing its pain.
The starcursed mass is no longer sharing its pain.
You see here 45 gold pieces.
Really read with blurry vision while enemies are nearby? [Y]es or [N]o only, please.
Really read with blurry vision while enemies are nearby?
Okay, then.
There are monsters nearby!
Unknown command.
Unknown command.
Really read with blurry vision while enemies are nearby?
Something touches you.
You die...

... .#.....#.
...#. #.. #... #
.. # ##.# ##X##
#.##
#...###XX.###...##
...#.....#.....#..
.................
.#....3#.. ..# ..
##X{.###...# # . #
##@## ##. # ##
#...# .. # ..#
#.....# ... #
.........%. .
..#.....#.....
...###...###...
... ..... ..> ..
..... ..


You could see 3 starcursed masses, a large abomination and a smoke demon.

Vanquished Creatures
  Snorg (D:11)
  A blizzard demon (Abyss:1)
  2 two-headed ogres
  The ghost of VajrapaniREALTIME the Cleaver, a novice FoFi of Makhleb (D:8)
  2 thrashing horrors (Abyss:1)
  An unseen horror (D:10)
  The ghost of incide the Cleaver, a novice MiFi (D:7)
  An ugly thing (D:11)
  A worldbinder (Abyss:1)
  A cyclops (D:11)
  Psyche (D:8)
  A hellwing (Abyss:1)
  A freezing wraith (Abyss:1)
  2 trolls
  A hippogriff (D:10)
  A slime creature (D:10)
  4 wyverns
  2 fire bats (Abyss:1)
  A neqoxec (Abyss:1)
  3 orc warriors
  A black bear (D:11)
  4 sky beasts
  An eye of draining (D:9)
  15 ogres
  A phantom (D:6)
  A necrophage (D:5)
  13 centaurs
  8 bullfrogs
  A gnoll sergeant (D:6)
  A wyvern skeleton (D:9)
  2 scorpions
  6 killer bees (D:10)
  4 wights (D:10)
  2 howler monkeys (D:9)
  2 crimson imps
  A bullfrog zombie (D:6)
  6 hounds
  2 quasits (Abyss:1)
  8 jellies
  6 orc priests
  A gnoll shaman (D:4)
  3 centaur skeletons
  A bullfrog skeleton (D:9)
  3 iguanas
  Natasha (thrice) (D:3)
  10 orc wizards
  13 worker ants
  A hound skeleton (D:11)
  11 gnolls
  9 adders
  2 shadow imps
  A white imp (Abyss:1)
  14 oozes
  2 ufetubi (Abyss:1)
  6 worms
  2 dart slugs
  3 leopard geckos
  37 orcs
  A ball python (D:3)
  3 giant cockroaches
  2 gnoll zombies (D:5)
  7 goblins
  5 hobgoblins
  12 jackals
  A kobold (D:2)
  3 quokkas
  5 bats
  5 frilled lizards
  A jackal zombie (D:6)
  A quokka skeleton (D:4)
  3 rats (D:3)
285 creatures vanquished.

Vanquished Creatures (others)
  6 fungi (D:10)
6 creatures vanquished.

Grand Total: 291 creatures vanquished

Notes
Turn   | Place    | Note
-------+----------+-------------------------------------------
     0 | D:1      | iamserjio the Ogre Fighter began the quest for the Orb.
     0 | D:1      | Reached XP level 1. HP: 24/24 MP: 1/1
    36 | D:1      | Noticed an ogre
    36 | D:1      | Noticed an ogre
    36 | D:1      | Noticed an ogre
    36 | D:1      | Noticed an ogre
   334 | D:1      | Reached XP level 2. HP: 24/32 MP: 2/2
   953 | D:2      | Reached XP level 3. HP: 29/39 MP: 3/3
  1610 | D:2      | Reached XP level 4. HP: 42/49 MP: 4/4
  2310 | D:3      | Noticed Natasha
  2328 | D:3      | Killed Natasha
  2780 | D:3      | Noticed Natasha
  2875 | D:3      | Noticed Gruesome's ghost (amateur OpMo)
  3100 | D:3      | Reached XP level 5. HP: 53/55 MP: 5/5
  3461 | D:3      | Killed Natasha
  3748 | D:3      | Noticed Natasha
  3758 | D:3      | Killed Natasha
  3758 | D:3      | Reached skill level 5 in Fighting
  4311 | D:4      | Reached XP level 6. HP: 64/66 MP: 6/6
  5292 | D:4      | Reached XP level 7. HP: 59/74 MP: 7/7
  5436 | D:4      | Reached skill level 5 in Axes
  5963 | D:4      | Found a sparkling altar of Nemelex Xobeh.
  6357 | D:5      | Entered Level 5 of the Dungeon
  7103 | D:5      | Reached XP level 8. HP: 66/81 MP: 8/8
  7832 | D:5      | Found a basalt altar of Yredelemnul.
  9260 | D:6      | Reached skill level 5 in Dodging
  9260 | D:6      | Reached skill level 5 in Shields
  9500 | D:6      | Found a shadowy altar of Dithmenos.
  9501 | D:6      | Found a sacrificial altar of Ru.
  9505 | D:6      | Found a glowing silver altar of Zin.
  9506 | D:6      | Found an ancient bone altar of Kikubaaqudgha.
  9506 | D:6      | Found an iron altar of Okawaru.
  9506 | D:6      | Found a hide-covered altar of Uskayaw.
  9512 | D:6      | Found a deep blue altar of Sif Muna.
  9515 | D:6      | Found a blossoming altar of Fedhas.
  9519 | D:6      | Became a worshipper of Uskayaw the Reveler
  9523 | D:6      | Found a shimmering altar of Xom.
  9824 | D:6      | Reached * piety under Uskayaw
  9834 | D:6      | Reached ** piety under Uskayaw
  9863 | D:6      | Reached skill level 1 in Invocations
  9863 | D:6      | Reached XP level 9. HP: 75/93 MP: 3/9
 10005 | D:6      | Reached *** piety under Uskayaw
 10010 | D:6      | Reached **** piety under Uskayaw
 10014 | D:6      | Reached ***** piety under Uskayaw
 10803 | D:6      | Found a staircase to the Ecumenical Temple.
 10931 | D:7      | Noticed incide's ghost (novice MiFi)
 12116 | D:7      | Found a white marble altar of Elyvilon.
 12820 | D:7      | Killed incide's ghost
 13313 | D:8      | Reached XP level 10. HP: 75/106 MP: 12/12
 13910 | D:8      | Noticed VajrapaniREALTIME's ghost (novice FoFi)
 14130 | D:8      | Killed VajrapaniREALTIME's ghost
 15002 | D:9      | Noticed a two-headed ogre
 15004 | D:9      | Noticed Psyche
 15520 | D:8      | Killed Psyche
 16115 | D:9      | Killed a two-headed ogre
 16115 | D:9      | Reached skill level 10 in Axes
 16115 | D:9      | Reached skill level 5 in Invocations
 16374 | D:10     | Entered Level 10 of the Dungeon
 16568 | D:10     | Reached XP level 11. HP: 60/117 MP: 10/14
 16569 | D:10     | Found a staircase to the Orcish Mines.
 16617 | D:10     | Reached skill level 10 in Fighting
 17192 | D:10     | Found a deep blue altar of Sif Muna.
 18411 | D:11     | Noticed a brown ugly thing
 18453 | D:11     | Noticed Snorg
 18470 | D:11     | Killed Snorg
 18907 | D:10     | Killed an unseen horror
 19780 | D:11     | Noticed a cyclops
 19793 | D:11     | Killed a cyclops
 19908 | D:11     | Noticed a two-headed ogre
 19932 | D:11     | Killed a two-headed ogre
 20254 | Orc:1    | Entered Level 1 of the Orcish Mines
 20254 | Orc:1    | Noticed an orc knight
 20259 | Orc:1    | Noticed an orc sorcerer
 20429 | D:11     | Noticed Urug
 20816 | D:11     | Found a staircase to the Lair.
 20904 | D:11     | Noticed Erolcha
 20916 | D:11     | Cast into level 1 of the Abyss (Erolcha)
 20996 | Abyss:1  | Noticed a starcursed mass
 21004 | Abyss:1  | Got an ebony dagger
 21014 | Abyss:1  | Noticed a wretched star
 21016 | D:11     | Escaped the Abyss
 21116 | D:11     | Killed a brown ugly thing
 21360 | D:11     | Cast into level 1 of the Abyss (Erolcha)
 21561 | Abyss:1  | Noticed a thrashing horror
 21602 | Abyss:1  | Noticed a white very ugly thing
 21633 | Abyss:1  | Noticed a wretched star
 21651 | Abyss:1  | Noticed a large abomination
 21732 | Abyss:1  | Noticed a wretched star
 21840 | Abyss:1  | Gained mutation: Your flesh is cold resistant. (rC+) [a neqoxec]
 21843 | Abyss:1  | Reached XP level 12. HP: 120/130 MP: 15/17
 21920 | Abyss:1  | Noticed a thrashing horror
 21925 | Abyss:1  | Killed a thrashing horror
 21935 | Abyss:1  | Noticed a wretched star
 21936 | Abyss:1  | Noticed a thrashing horror
 21958 | Abyss:1  | Killed a thrashing horror
 22175 | Abyss:1  | Noticed a blizzard demon
 22181 | Abyss:1  | Noticed a lich
 22186 | Abyss:1  | Noticed a starcursed mass
 22190 | Abyss:1  | Killed a blizzard demon
 22197 | Abyss:1  | HP: 4/195 [lich (10)]
 22200 | Abyss:1  | Slain by a lich

Vault maps used:
D:1:      erik_arrival_cave_to_civilisation, serial_glass, glass_columns_a,
          glass_columns_a, glass_columns_c, glass_columns_a, feat_on_display
D:3:      serial_bayou, serial_bayou_lagoon_b, serial_bayou_shore_b,
          serial_bayou_shore_b, serial_bayou_pond_e, uniq_natasha
D:4:      nemelex_xobeh_ov_fountains_minmay
D:5:      lemuel_zombie_altar_yredelemnul, first_ration
D:6:      minitemple, temple_doors_ab
D:7:      old_standard_altar, kennysheep_generic_room_15
D:9:      grunt_ogre_cave, st_stairs_14, wad_dig_loot, uniq_psyche
D:10:     lemuel_slime, david_orc_3, basic_altar
D:11:     lair_entry_dummy, uniq_snorg, uniq_urug, uniq_erolcha

Skill      XL: |  1  2  3  4  5  6  7  8  9 10 11 12 |
---------------+-------------------------------------+-----
Dodging        | 3 4 5 6 7 8 |  8.1
Shields        | 3 4 5 6 8 |  8.5
Axes           | 3 4 6 7 8 10 11 | 11.7
Fighting       | 5 6 7 8 9 11 | 11.3
Invocations    | 1 3 5 6 7 |  7.1

Action                   |  1- 3 |  4- 6 |  7- 9 | 10-12 || total
-------------------------+-------+-------+-------+-------++-------
Melee: War axe           |    74 |   208 |   319 |   393 ||   994
       Broad axe         |       |       |       |    96 ||    96
Throw: Stone             |       |     4 |       |       ||     4
Invok: Stomp             |       |       |    10 |    40 ||    50
       Line Pass         |       |       |       |     6 ||     6
Evoke: Wand              |       |     1 |    10 |    10 ||    21
  Use: Potion            |     1 |     1 |     5 |    11 ||    18
       Scroll            |       |       |     8 |    17 ||    25
 Stab: Sleeping          |     1 |     1 |       |       ||     2
       Paralysed         |       |     4 |     8 |    24 ||    36
       Distracted        |       |       |     1 |       ||     1
       Confused          |       |       |       |     1 ||     1
  Eat: Chunk             |     2 |     9 |    15 |    19 ||    45
       Ration            |       |     1 |     3 |     5 ||     9
Armor: Robe              |    27 |    38 |    36 |    52 ||   153
Dodge: Dodged            |    36 |    79 |   113 |   411 ||   639
Block: Shield            |    32 |   103 |   135 |   275 ||   545

Table legend:
 A = Spawn XP
 B = Non-spawn XP
 C = Spawn XP percentage of total XP
 D = Spawn monster count
 E = Non-spawn monster count
 F = Spawn count percentage of total count
 G = Total turns spent on level
                    A         B        C        D         E        F      G
               +---------+---------+-------+---------+---------+-------+---------
         Total |    3789 |   18788 |  16.8 |      10 |     275 |   3.5 | 22200
               +---------+---------+-------+---------+---------+-------+---------
           D:1 |       0 |      12 |   0.0 |       0 |       7 |   0.0 |   796
           D:2 |       0 |      78 |   0.0 |       0 |      15 |   0.0 |  1621
           D:3 |       0 |     190 |   0.0 |       0 |      26 |   0.0 |  2108
           D:4 |       0 |     535 |   0.0 |       0 |      23 |   0.0 |  2292
           D:5 |       0 |     869 |   0.0 |       0 |      29 |   0.0 |  2021
           D:6 |       0 |    1451 |   0.0 |       0 |      21 |   0.0 |  2909
           D:7 |       0 |    1630 |   0.0 |       0 |      16 |   0.0 |  1716
           D:8 |       0 |    1951 |   0.0 |       0 |      15 |   0.0 |  1863
           D:9 |       0 |    2321 |   0.0 |       0 |      33 |   0.0 |  1612
          D:10 |       0 |    3717 |   0.0 |       0 |      53 |   0.0 |  3415
          D:11 |       0 |    5103 |   0.0 |       0 |      33 |   0.0 |   899
       Abyss:1 |    3789 |     931 |  80.3 |      10 |       4 |  71.4 |   940
               +---------+---------+-------+---------+---------+-------+---------
